 Dungeon Crawl Stone Soup version 0.29.1-15-g9cfb28693d (webtiles) character file.

Game seed: 18132010306175100198

39 javelincjr the Trooper (level 3, 0/29 HPs)
             Began as a Demonspawn Abyssal Knight on Mar 22, 2023.
             Was a Believer of Lugonu.
             Slain by a worm (9 damage)
             ... on level 2 of the Dungeon.
             The game lasted 00:02:56 (1760 turns).

javelincjr the Trooper (Demonspawn Abyssal Knight)  Turns: 1760, Time: 00:02:57

Health: 0/29       AC:  3    Str: 15    XL:     3   Next: 28%
Magic:  5/5        EV: 11    Int: 11    God:    Lugonu [**....]
Gold:   75         SH:  0    Dex: 13    Spells: 2/2 levels left

rFire   . . .      SeeInvis .   a - +1 spear
rCold   . . .      Faith    .   (no shield)
rNeg    . . .      Spirit   .   b - +0 leather armour
rPois   .          Reflect  .   (no helmet)
rElec   .          Harm     .   (no cloak)
rCorr   .          Rampage  .   (no gloves)
Will    .....                   (no boots)
Stlth   +.........              (no amulet)
HPRegen 0.09/turn               (no ring)
MPRegen 0.09/turn               (no ring)

@: no status effects
A: powered by pain 1
a: Renounce Religion, Depart the Abyss, Bend Space


You were on level 2 of the Dungeon.
You worshipped Lugonu.
Lugonu was pleased with you.
You visited 1 branch of the dungeon, and saw 2 of its levels.
You visited the Abyss 1 time.

You collected 75 gold pieces.

Inventory:

Hand Weapons
 a - a +1 spear (weapon)
Armour
 b - a +0 leather armour (worn)
 e - a +0 robe of positive energy
Jewellery
 d - a +4 ring of evasion
Scrolls
 c - a scroll of brand weapon {unknown}
 g - 2 scrolls of identify {unknown}
 i - a scroll of magic mapping {unknown}
Potions
 f - a potion of flight {unknown}
 h - a potion of mutation {unknown}


   Skills:
 * Level 3.5 Fighting
 + Level 2.1 Polearms
 + Level 2.0 Armour
 + Level 1.3 Dodging
 + Level 0.4 Spellcasting
 + Level 2.9 Invocations


You had 2 spell levels left.
You didn't know any spells.
Your spell library contained the following spells:

 Spells                   Type           Power      Damage    Failure   Level
 Gell's Gravitas          Tloc           0%         N/A       77%         3
 Lesser Beckoning         Tloc           0%         N/A       77%         3
 Teleport Other           Tloc           0%         N/A       77%         3


Dungeon Overview and Level Annotations

Branches:
Dungeon (2/15)

Altars:


Innate Abilities, Weirdness & Mutations

You sometimes gain a little power by taking damage.


Message History

Reach: a) +1 spear
Press: ? - help, Dir - move target, f - worm
Aim: a worm (about 20% to evade your +1 spear)
You reach to attack!
You hit the worm.
The worm is lightly wounded.
The ball python bites you. The ball python constricts you.
The ball python bites you but does no damage.
The ball python constricts you.
Reach: a) +1 spear
Press: ? - help, Dir - move target, f/p - worm
Aim: a worm (lightly wounded, about 20% to evade your +1 spear)
The ball python is in the way.
You barely miss the ball python.
The ball python is heavily wounded.
The ball python bites you but does no damage.
The ball python constricts you.
Reach: a) +1 spear
Press: ? - help, Dir - move target, f/p - worm
Aim: a worm (lightly wounded, about 20% to evade your +1 spear)
You reach to attack!
You puncture the worm!
The worm is heavily wounded.
The ball python bites you. The ball python constricts you.
Reach: a) +1 spear
Press: ? - help, Dir - move target, f/p - worm
Aim: a worm (heavily wounded, about 20% to evade your +1 spear)
You reach to attack!
You hit the worm.
The worm is heavily wounded.
The ball python bites you but does no damage.
The ball python constricts you.
Reach: a) +1 spear
Press: ? - help, Dir - move target, f/p - worm
Aim: a worm (heavily wounded, about 20% to evade your +1 spear)
The ball python is in the way.
You hit the ball python.
You kill the ball python!
Lugonu accepts your kill.
You hit the worm but do no damage.
The worm is heavily wounded.
You hit the worm.
The worm is severely wounded.
The worm bites you!
You die...

#.........# #.#.........#
### #.#.........####..
#.#............#.#
....+............... #
#.#.#.............<. #.
#.#.#.............#.
#.####.#.#.............#.
#......#@#.##+#####....#.
#......#w#.# ####....#.
#......#.#.##............
+.......).<....<.........
#.....†#............... .
#....w.######.....
......... .....
.......... ....
....[...... ...


You could see a worm.

Vanquished Creatures
  An adder (D:2)
  A dart slug (D:1)
  3 endoplasms (D:1)
  A giant cockroach (D:1)
  5 goblins
  2 hobgoblins
  2 jackals (D:1)
  A kobold (D:1)
  4 ball pythons
  2 bats (D:1)
  A frilled lizard (D:1)
  3 rats (D:1)
26 creatures vanquished.

Notes
Turn   | Place    | Note
-------+----------+-------------------------------------------
     0 | Abyss:1  | javelincjr the Demonspawn Abyssal Knight began the quest
                  | for the Orb.
     0 | Abyss:1  | Reached XP level 1. HP: 18/18 MP: 2/2
    39 | Abyss:1  | Found a corrupted altar of Lugonu.
    49 | Abyss:1  | Noticed a wretched star
    57 | Abyss:1  | Noticed an apocalypse crab
    58 | Abyss:1  | Noticed a smoke demon
    60 | D:1      | Escaped the Abyss
   553 | D:1      | Reached skill level 1 in Dodging
   614 | D:1      | Reached ** piety under Lugonu
   975 | D:1      | Gained mutation: You sometimes gain a little power by
                  | taking damage. [demonic ancestry]
   975 | D:1      | Reached XP level 2. HP: 24/24 MP: 4/4
  1749 | D:2      | Reached XP level 3. HP: 18/29 MP: 5/5
  1760 | D:2      | Slain by a worm

Illustrated notes

Levels and vault maps discovered:
D:1:      mrwooster_arrival_statue_3, layout_basic, minmay_misc_feat_x,
          minmay_quantized
D:2:      layout_basic, basic_ecumenical_altar, serial_shops,
          nicolae_shop_statue_plus, uniq_jessica

Skill      XL: |  1  2 |
---------------+-------+-----
Dodging        | 1 |  1.3
Polearms       | 2 |  2.1
Armour         | 2 |  2.0
Fighting       | |  3.5
Spellcasting   | |  0.4
Invocations    | |  2.9

Action                   || total
-------------------------++-------
Melee: Spear             ||    93
Invok: Depart the Abyss  ||     1
 Stab: Sleeping          ||     2
Armor: Leather armour    ||    22
Dodge: Dodged            ||    49
